[ AOE2 MATCH · #478802254 ]
UnrankedGurjaras vs Armenians
[ REPLAY ANALYSIS · EXTRACTED FROM THE RECORDED GAME ]
Feudal
9:41
Castle
16:02
Imperial
43:44
| APM avg | 53.9 |
| APM peak | 107 |
| eAPM avg | 32.3 |
| Villagers / military | 181 / 279 |
Focus
⚔️ 34.6% · 🌾 65.4%
Scout Cavalry ×99 · Camel Scout ×90 · Shrivamsha Rider ×51 · Armored Elephant ×31 · Monk ×6 · Mangonel ×2
Feudal
8:05
Castle
19:43
Imperial
35:44
| APM avg | 60.1 |
| APM peak | 110 |
| eAPM avg | 27.1 |
| Villagers / military | 113 / 251 |
Focus
⚔️ 53.2% · 🌾 46.8%
Archer ×138 · Skirmisher ×113
Feudal
9:02
Castle
12:37
Imperial
—
| APM avg | 21.9 |
| APM peak | 63 |
| eAPM avg | 13.4 |
| Villagers / military | 72 / 29 |
Focus
⚔️ 49.3% · 🌾 50.7%
Warrior Priest ×16 · Mangonel ×10 · Battering Ram ×3
Feudal
9:44
Castle
13:27
Imperial
—
| APM avg | 26.0 |
| APM peak | 86 |
| eAPM avg | 14.7 |
| Villagers / military | 107 / 7 |
Focus
⚔️ 21.8% · 🌾 78.2%
Iron Pagoda ×7 · Unknown (1911) ×3
Feudal
10:22
Castle
22:58
Imperial
36:15
| APM avg | 55.3 |
| APM peak | 117 |
| eAPM avg | 23.6 |
| Villagers / military | 127 / 237 |
Focus
⚔️ 29.1% · 🌾 70.9%
Scout Cavalry ×141 · Knight ×96
Feudal
10:06
Castle
14:52
Imperial
—
| APM avg | 26.9 |
| APM peak | 99 |
| eAPM avg | 12.4 |
| Villagers / military | 114 / 41 |
Focus
⚔️ 39.3% · 🌾 60.7%
Steppe Lancer ×27 · Knight ×5 · Petard ×3 · Camel Scout ×3 · Scout Cavalry ×3
Feudal
10:06
Castle
13:37
Imperial
—
| APM avg | 40.5 |
| APM peak | 80 |
| eAPM avg | 18.6 |
| Villagers / military | 151 / 35 |
Focus
⚔️ 25.6% · 🌾 74.4%
Conquistador ×30 · Spearman ×5
Feudal
11:50
Castle
15:22
Imperial
28:43
| APM avg | 42.6 |
| APM peak | 95 |
| eAPM avg | 22.1 |
| Villagers / military | 269 / 453 |
Focus
⚔️ 47.1% · 🌾 52.9%
Cavalry Archer ×206 · Camel Scout ×123 · Scout Cavalry ×111 · Trebuchet (Packed) ×13
Match map
Initial resources + every placement click. Lines = walls · curves = elevation contours. ◆ gold · ⬟ stone · ● berries · ✦ relic · ◌ wall gap
Your base· ✓ Closed at 16:02 · 0t walls · 3 gate(s)
AM | thatsnotPG's base· ✓ Closed at 19:43 · 16t walls · 2 gate(s)
CTM | Lelouch's base· ✓ Closed at 12:37 · 0t walls · 3 gate(s)
NPG | Joako's base· ✓ Closed at 13:27 · 0t walls · 2 gate(s)
Rhapcore's base· ✓ Closed at 22:58 · 0t walls · 2 gate(s)
鯊魚89's base· ✓ Closed at 14:52 · 0t walls · 2 gate(s)
Eugenius's base· ✓ Closed at 13:37 · 0t walls · 2 gate(s)
Ngoam_____'s base· ✓ Closed at 15:22 · 0t walls · 2 gate(s)
Smoothed initial terrain · ◌ = detected wall gap · hover for details
Inputs per minute
— Milka Gadas - - AM | thatsnotPG
Build order — Milka Gadas
First 150 of 733 actions detected
| 0:01 | Create | Villager (Male) |
| 0:01 | Create | Villager (Male) |
| 0:01 | Create | Villager (Male) |
| 0:04 | Build | House |
| 0:11 | Create | Villager (Male) |
| 0:31 | Build | Mill |
| 0:49 | Build | House |
| 0:49 | Build | House |
| 0:50 | Build | House |
| 1:40 | Create | Villager (Male) |
| 2:04 | Create | Villager (Male) |
| 2:26 | Create | Villager (Male) |
| 2:46 | Create | Villager (Male) |
| 3:19 | Create | Villager (Male) |
| 3:39 | Create | Villager (Male) |
| 3:39 | Create | Villager (Male) |
| 3:40 | Create | Villager (Male) |
| 4:15 | Create | Villager (Male) |
| 4:51 | Create | Villager (Male) |
| 4:51 | Create | Villager (Male) |
| 5:12 | Create | Villager (Male) |
| 5:13 | Create | Villager (Male) |
| 5:13 | Create | Villager (Male) |
| 5:24 | Create | Villager (Male) |
| 6:00 | Create | Villager (Male) |
| 6:04 | Create | Villager (Male) |
| 6:11 | Build | Lumber Camp |
| 6:19 | Create | Villager (Male) |
| 6:34 | Create | Villager (Male) |
| 6:46 | Create | Villager (Male) |
| 6:57 | Create | Villager (Male) |
| 7:15 | Research | Feudal Age |
| 7:15 | Research | Feudal Age |
| 8:12 | Create | Villager (Male) |
| 8:12 | Create | Villager (Male) |
| 8:17 | Research | Loom |
| 8:17 | Create | Villager (Male) |
| 8:18 | Create | Villager (Male) |
| 8:18 | Create | Villager (Male) |
| 8:18 | Create | Villager (Male) |
| 8:42 | Create | Villager (Male) |
| 8:54 | Build | House |
| 8:55 | Build | House |
| 8:56 | Build | House |
| 9:41 | Age | Feudal Age |
| 10:04 | Create | Villager (Male) |
| 10:11 | Build | Market |
| 10:14 | Build | Blacksmith |
| 10:16 | Research | Horse Collar |
| 10:49 | Build | Mining Camp |
| 11:27 | Create | Villager (Male) |
| 11:27 | Create | Villager (Male) |
| 11:27 | Create | Villager (Male) |
| 12:25 | Create | Villager (Male) |
| 12:25 | Create | Villager (Male) |
| 12:28 | Create | Villager (Male) |
| 13:22 | Research | Castle Age |
| 14:18 | Build | Farm |
| 14:18 | Build | Farm |
| 14:18 | Build | Farm |
| 14:18 | Build | Farm |
| 14:18 | Build | Farm |
| 14:19 | Build | Farm |
| 14:19 | Build | Farm |
| 14:19 | Build | Farm |
| 14:53 | Create | Villager (Male) |
| 14:57 | Build | Farm |
| 14:57 | Build | Farm |
| 16:02 | Age | Castle Age |
| 16:16 | Build | Siege Workshop |
| 16:18 | Create | Villager (Male) |
| 16:18 | Create | Villager (Male) |
| 16:28 | Create | Villager (Male) |
| 16:45 | Build | Barracks |
| 16:48 | Create | Armored Elephant |
| 16:48 | Create | Armored Elephant |
| 17:18 | Create | Villager (Male) |
| 17:21 | Create | Mangonel |
| 17:35 | Build | Stable |
| 17:38 | Create | Armored Elephant |
| 18:11 | Build | Palisade Gate |
| 18:25 | Create | Mangonel |
| 18:28 | Create | Camel Scout |
| 18:28 | Create | Camel Scout |
| 18:40 | Build | Farm |
| 18:50 | Create | Camel Scout |
| 19:19 | Create | Camel Scout |
| 19:44 | Build | Stable |
| 19:55 | Create | Camel Scout |
| 19:56 | Create | Camel Scout |
| 20:05 | Create | Villager (Male) |
| 20:05 | Create | Villager (Male) |
| 20:09 | Build | Farm |
| 20:10 | Build | Farm |
| 20:10 | Build | Farm |
| 20:10 | Build | Farm |
| 20:10 | Build | Farm |
| 20:10 | Build | Farm |
| 20:11 | Build | Farm |
| 20:28 | Build | House |
| 20:28 | Build | House |
| 20:28 | Build | House |
| 21:04 | Create | Camel Scout |
| 21:04 | Create | Camel Scout |
| 21:04 | Create | Camel Scout |
| 21:24 | Create | Armored Elephant |
| 21:32 | Build | Monastery |
| 21:38 | Create | Armored Elephant |
| 21:38 | Create | Armored Elephant |
| 21:59 | Create | Monk |
| 22:10 | Build | House |
| 22:11 | Build | House |
| 22:11 | Build | House |
| 22:14 | Create | Armored Elephant |
| 22:14 | Create | Armored Elephant |
| 22:18 | Create | Villager (Male) |
| 22:26 | Build | Farm |
| 22:50 | Create | Monk |
| 23:04 | Create | Armored Elephant |
| 23:04 | Create | Armored Elephant |
| 23:21 | Create | Camel Scout |
| 23:22 | Create | Camel Scout |
| 23:58 | Create | Camel Scout |
| 23:58 | Create | Camel Scout |
| 23:59 | Create | Camel Scout |
| 23:59 | Create | Camel Scout |
| 24:27 | Create | Camel Scout |
| 24:27 | Create | Camel Scout |
| 24:44 | Create | Monk |
| 25:18 | Create | Monk |
| 25:59 | Create | Monk |
| 26:04 | Build | Siege Workshop |
| 26:14 | Create | Villager (Male) |
| 26:14 | Create | Villager (Male) |
| 26:14 | Create | Villager (Male) |
| 26:19 | Build | Farm |
| 26:19 | Build | Farm |
| 26:19 | Build | Farm |
| 26:20 | Build | Farm |
| 26:20 | Build | Farm |
| 26:20 | Build | Farm |
| 26:24 | Create | Villager (Male) |
| 26:36 | Create | Villager (Male) |
| 26:43 | Research | Scale Barding Armor |
| 26:43 | Research | Forging |
| 27:12 | Research | Husbandry |
| 27:25 | Create | Villager (Male) |
| 27:49 | Create | Armored Elephant |
| 27:50 | Create | Armored Elephant |
| 27:50 | Create | Armored Elephant |
Build order — AM | thatsnotPG
First 150 of 433 actions detected
| 0:01 | Create | Villager (Male) ×4 |
| 0:03 | Build | House |
| 0:22 | Build | House |
| 0:23 | Build | House |
| 0:24 | Build | House |
| 1:31 | Create | Villager (Male) |
| 2:04 | Create | Villager (Male) |
| 2:06 | Create | Villager (Male) |
| 2:50 | Create | Villager (Male) |
| 3:01 | Build | Lumber Camp |
| 3:25 | Create | Villager (Male) |
| 3:44 | Create | Villager (Male) |
| 4:11 | Create | Villager (Male) |
| 4:32 | Create | Villager (Male) |
| 4:58 | Build | Mining Camp |
| 5:02 | Create | Villager (Male) |
| 5:22 | Create | Villager (Male) |
| 5:55 | Research | Feudal Age |
| 7:16 | Build | Barracks |
| 7:18 | Build | House |
| 7:20 | Build | House |
| 7:23 | Build | House |
| 7:58 | Create | Villager (Male) |
| 7:58 | Create | Villager (Male) |
| 8:05 | Age | Feudal Age |
| 8:29 | Research | Double-Bit Axe |
| 8:46 | Build | Mill |
| 8:55 | Create | Villager (Male) |
| 9:02 | Build | Archery Range |
| 9:33 | Create | Villager (Male) |
| 9:48 | Create | Villager (Male) |
| 9:58 | Create | Villager (Male) |
| 10:05 | Build | House |
| 10:06 | Build | House |
| 10:08 | Build | House |
| 10:09 | Build | House |
| 10:27 | Create | Archer |
| 10:27 | Create | Archer |
| 10:51 | Create | Villager (Male) |
| 11:17 | Create | Villager (Male) |
| 11:31 | Create | Villager (Male) |
| 11:33 | Create | Archer |
| 11:41 | Build | Blacksmith |
| 11:52 | Create | Villager (Male) |
| 12:03 | Create | Archer |
| 12:19 | Create | Archer |
| 12:20 | Create | Villager (Male) |
| 12:25 | Research | Fletching |
| 12:34 | Create | Villager (Male) |
| 12:43 | Build | Farm |
| 12:44 | Build | Farm |
| 12:44 | Build | Farm |
| 13:12 | Build | Mill |
| 13:17 | Create | Archer |
| 13:27 | Build | Farm |
| 13:27 | Create | Villager (Male) |
| 13:29 | Build | Farm |
| 13:29 | Build | Farm |
| 13:38 | Build | Palisade Wall |
| 13:41 | Build | Palisade Wall |
| 13:45 | Create | Archer |
| 13:45 | Create | Villager (Male) |
| 13:48 | Build | Farm |
| 13:57 | Research | Fletching |
| 14:07 | Build | Stone Wall |
| 14:08 | Build | Stone Wall |
| 14:11 | Build | Stone Wall |
| 14:12 | Build | Stone Wall |
| 14:13 | Build | Stone Wall |
| 14:18 | Create | Villager (Male) |
| 14:24 | Research | Loom |
| 14:29 | Create | Archer |
| 14:47 | Research | Padded Archer Armor |
| 14:48 | Create | Archer |
| 14:49 | Create | Villager (Male) |
| 14:52 | Build | Archery Range |
| 14:59 | Create | Villager (Male) |
| 15:06 | Build | Stone Wall |
| 15:07 | Build | Stone Wall |
| 15:09 | Build | Stone Wall |
| 15:16 | Build | Stone Wall |
| 15:26 | Create | Archer |
| 15:38 | Build | Farm |
| 15:39 | Create | Villager (Male) |
| 15:41 | Build | Farm |
| 15:53 | Build | Stone Wall |
| 16:01 | Build | House |
| 16:02 | Build | House |
| 16:07 | Build | Palisade Wall |
| 16:26 | Build | House |
| 16:27 | Build | House |
| 16:30 | Build | House |
| 16:39 | Create | Archer |
| 16:39 | Create | Archer |
| 17:03 | Research | Castle Age |
| 17:03 | Research | Castle Age |
| 17:06 | Create | Archer |
| 17:06 | Create | Archer |
| 17:54 | Create | Archer |
| 17:54 | Create | Archer |
| 18:43 | Create | Archer |
| 18:43 | Create | Archer |
| 19:08 | Create | Archer |
| 19:08 | Create | Archer |
| 19:14 | Build | House |
| 19:43 | Age | Castle Age |
| 19:46 | Research | Crossbowman (upgrade) |
| 19:49 | Research | Thumb Ring |
| 20:06 | Create | Villager (Male) |
| 20:11 | Build | Lumber Camp |
| 20:15 | Research | Horse Collar |
| 20:16 | Create | Villager (Male) |
| 20:17 | Create | Villager (Male) |
| 20:25 | Create | Archer |
| 20:26 | Create | Archer |
| 20:38 | Research | Bodkin Arrow |
| 21:20 | Create | Archer |
| 21:21 | Create | Archer |
| 21:22 | Create | Villager (Male) |
| 21:28 | Research | Gold Mining |
| 21:33 | Research | Bow Saw |
| 21:36 | Create | Archer |
| 21:37 | Create | Archer |
| 22:00 | Build | House |
| 22:01 | Build | House |
| 22:04 | Create | Villager (Male) |
| 22:06 | Create | Archer |
| 22:06 | Create | Archer |
| 23:10 | Create | Archer |
| 23:10 | Create | Archer |
| 23:12 | Research | Wheelbarrow |
| 23:24 | Build | University |
| 23:26 | Build | House |
| 23:27 | Build | House |
| 23:38 | Create | Archer |
| 23:38 | Create | Archer |
| 24:09 | Create | Archer |
| 24:09 | Create | Archer |
| 24:10 | Create | Villager (Male) |
| 24:14 | Build | House |
| 24:33 | Create | Archer |
| 24:33 | Create | Archer |
| 25:36 | Create | Archer |
| 25:36 | Create | Archer |
| 25:39 | Research | Ballistics |
| 26:04 | Create | Archer |
| 26:05 | Create | Archer |
| 26:11 | Research | Hand Cart |
| 26:13 | Create | Villager (Male) |
| 26:25 | Build | Mill |
Build order — CTM | Lelouch
First 150 of 163 actions detected
| 0:01 | Create | Villager (Male) |
| 0:01 | Create | Villager (Male) |
| 0:01 | Create | Villager (Male) |
| 0:02 | Create | Villager (Male) |
| 0:03 | Build | House |
| 0:04 | Build | House |
| 1:30 | Create | Villager (Male) |
| 1:31 | Create | Villager (Male) |
| 1:42 | Research | Loom |
| 1:58 | Create | Villager (Male) |
| 1:58 | Create | Villager (Male) |
| 2:26 | Create | Villager (Male) |
| 2:26 | Create | Villager (Male) |
| 2:48 | Create | Villager (Male) |
| 2:48 | Create | Villager (Male) |
| 3:01 | Build | Mule Cart |
| 3:08 | Create | Villager (Male) |
| 3:08 | Create | Villager (Male) |
| 3:30 | Build | House |
| 3:33 | Build | Mill |
| 3:43 | Create | Villager (Male) |
| 3:44 | Create | Villager (Male) |
| 3:44 | Create | Villager (Male) |
| 3:51 | Build | House |
| 4:24 | Create | Villager (Male) |
| 4:24 | Create | Villager (Male) |
| 4:24 | Create | Villager (Male) |
| 4:44 | Create | Villager (Male) |
| 4:57 | Research | Loom |
| 5:39 | Create | Villager (Male) |
| 6:02 | Create | Villager (Male) |
| 6:02 | Create | Villager (Male) |
| 6:53 | Research | Feudal Age |
| 8:02 | Create | Villager (Male) |
| 8:55 | Create | Villager (Male) |
| 8:55 | Research | Loom |
| 9:02 | Age | Feudal Age |
| 9:06 | Build | Market |
| 9:08 | Build | Blacksmith |
| 9:57 | Research | Castle Age |
| 9:58 | Research | Castle Age |
| 11:06 | Research | Double-Bit Axe |
| 11:06 | Research | Double-Bit Axe |
| 11:15 | Build | Mule Cart |
| 12:15 | Create | Villager (Male) |
| 12:18 | Build | House |
| 12:37 | Age | Castle Age |
| 12:39 | Build | Siege Workshop |
| 12:41 | Build | Monastery |
| 12:43 | Create | Villager (Male) |
| 13:14 | Create | Villager (Male) |
| 13:22 | Create | Battering Ram |
| 13:33 | Create | Warrior Priest |
| 13:42 | Create | Villager (Male) |
| 13:44 | Build | House |
| 13:44 | Build | House |
| 13:59 | Create | Villager (Male) |
| 14:00 | Create | Villager (Male) |
| 14:00 | Create | Villager (Male) |
| 14:00 | Create | Villager (Male) |
| 14:10 | Create | Warrior Priest |
| 14:10 | Create | Warrior Priest |
| 14:12 | Create | Villager (Male) |
| 14:20 | Create | Battering Ram |
| 14:20 | Create | Battering Ram |
| 14:22 | Build | House |
| 14:30 | Create | Villager (Male) |
| 14:31 | Create | Villager (Male) |
| 14:58 | Create | Villager (Male) |
| 15:06 | Create | Warrior Priest |
| 15:06 | Create | Warrior Priest |
| 15:09 | Build | Monastery |
| 15:22 | Build | Mill |
| 15:35 | Create | Villager (Male) |
| 15:36 | Create | Mangonel |
| 15:37 | Create | Mangonel |
| 15:37 | Create | Mangonel |
| 15:51 | Build | Farm |
| 15:54 | Build | Farm |
| 15:55 | Build | Farm |
| 16:01 | Create | Villager (Male) |
| 16:03 | Research | Horse Collar |
| 16:03 | Research | Horse Collar |
| 16:29 | Build | Farm |
| 16:50 | Create | Villager (Male) |
| 17:32 | Create | Villager (Male) |
| 17:35 | Create | Mangonel |
| 17:37 | Build | Farm |
| 17:37 | Build | Farm |
| 17:41 | Build | Farm |
| 18:01 | Research | Sanctity |
| 18:01 | Research | Sanctity |
| 18:03 | Create | Villager (Male) |
| 18:06 | Create | Villager (Male) |
| 18:08 | Create | Warrior Priest |
| 18:08 | Create | Warrior Priest |
| 18:08 | Create | Warrior Priest |
| 18:12 | Build | Farm |
| 18:14 | Build | Farm |
| 18:36 | Create | Villager (Male) |
| 19:05 | Create | Villager (Male) |
| 19:12 | Build | Monastery |
| 19:30 | Create | Warrior Priest |
| 19:30 | Create | Warrior Priest |
| 19:46 | Build | Farm |
| 19:47 | Build | Farm |
| 19:50 | Create | Villager (Male) |
| 19:54 | Build | Monastery |
| 19:55 | Create | Villager (Male) |
| 19:57 | Create | Warrior Priest |
| 19:57 | Create | Warrior Priest |
| 19:58 | Create | Warrior Priest |
| 20:01 | Research | Scale Mail Armor |
| 20:01 | Research | Scale Mail Armor |
| 20:01 | Research | Scale Mail Armor |
| 20:16 | Create | Villager (Male) |
| 20:19 | Build | House |
| 20:20 | Build | House |
| 20:21 | Build | House |
| 20:25 | Build | Farm |
| 20:29 | Build | Farm |
| 20:32 | Create | Warrior Priest |
| 20:55 | Create | Villager (Male) |
| 20:56 | Create | Villager (Male) |
| 20:56 | Create | Villager (Male) |
| 21:01 | Build | Siege Workshop |
| 21:16 | Create | Warrior Priest |
| 21:19 | Create | Villager (Male) |
| 21:24 | Create | Villager (Male) |
| 21:24 | Create | Villager (Male) |
| 21:29 | Build | Mule Cart |
| 21:48 | Create | Villager (Male) |
| 21:48 | Create | Villager (Male) |
| 21:49 | Create | Mangonel |
| 21:50 | Create | Mangonel |
| 21:51 | Create | Villager (Male) |
| 22:05 | Create | Warrior Priest |
| 22:12 | Create | Villager (Male) |
| 22:12 | Create | Villager (Male) |
| 22:24 | Build | Stone Wall |
| 23:02 | Create | Villager (Male) |
| 23:06 | Create | Villager (Male) |
| 23:26 | Build | Town Center |
| 23:51 | Create | Mangonel |
| 23:51 | Create | Mangonel |
| 23:51 | Create | Mangonel |
| 24:02 | Create | Villager (Male) |
| 24:16 | Build | House |
| 24:17 | Create | Villager (Male) |
| 24:40 | Build | Siege Workshop |
Build order — NPG | Joako
First 150 of 191 actions detected
| 0:01 | Create | Villager (Male) |
| 0:01 | Create | Villager (Male) |
| 0:01 | Create | Villager (Male) |
| 0:02 | Build | House |
| 0:03 | Build | House |
| 0:30 | Create | Villager (Male) |
| 1:10 | Create | Villager (Male) |
| 1:10 | Create | Villager (Male) |
| 1:37 | Create | Villager (Male) |
| 1:47 | Build | Lumber Camp |
| 2:11 | Create | Villager (Male) |
| 2:42 | Create | Villager (Male) |
| 2:42 | Create | Villager (Male) |
| 2:53 | Create | Villager (Male) |
| 2:53 | Create | Villager (Male) |
| 3:25 | Create | Villager (Male) |
| 3:25 | Create | Villager (Male) |
| 3:26 | Create | Villager (Male) |
| 3:48 | Create | Villager (Male) |
| 3:50 | Build | House |
| 4:03 | Create | Villager (Male) |
| 4:03 | Create | Villager (Male) |
| 4:08 | Build | Mill |
| 4:43 | Create | Villager (Male) |
| 4:55 | Create | Villager (Male) |
| 4:55 | Create | Villager (Male) |
| 5:29 | Build | House |
| 5:49 | Create | Villager (Male) |
| 6:35 | Create | Villager (Male) |
| 6:46 | Build | Mining Camp |
| 7:09 | Create | Villager (Male) |
| 7:32 | Research | Feudal Age |
| 7:32 | Research | Feudal Age |
| 9:38 | Create | Villager (Male) |
| 9:38 | Create | Villager (Male) |
| 9:44 | Age | Feudal Age |
| 9:49 | Build | Market |
| 9:52 | Build | Blacksmith |
| 10:47 | Research | Castle Age |
| 10:47 | Research | Castle Age |
| 11:32 | Research | Double-Bit Axe |
| 11:32 | Research | Double-Bit Axe |
| 12:21 | Build | House |
| 12:54 | Research | Horse Collar |
| 12:59 | Build | Farm |
| 13:00 | Create | Villager (Male) |
| 13:27 | Age | Castle Age |
| 13:29 | Build | Town Center |
| 13:34 | Build | Town Center |
| 13:37 | Create | Villager (Male) |
| 13:48 | Build | Farm |
| 13:59 | Create | Villager (Male) |
| 14:22 | Build | Farm |
| 14:26 | Create | Villager (Male) |
| 14:38 | Create | Villager (Male) |
| 14:44 | Build | Farm |
| 14:56 | Create | Villager (Male) |
| 14:57 | Create | Villager (Male) |
| 14:58 | Create | Villager (Male) |
| 14:58 | Create | Villager (Male) |
| 15:02 | Build | Farm |
| 15:04 | Build | Farm |
| 15:07 | Build | Farm |
| 15:14 | Build | Farm |
| 15:25 | Build | Farm |
| 15:26 | Create | Villager (Male) |
| 15:26 | Create | Villager (Male) |
| 15:32 | Create | Villager (Male) |
| 15:49 | Research | Loom |
| 15:49 | Research | Loom |
| 15:57 | Create | Villager (Male) |
| 15:57 | Create | Villager (Male) |
| 16:13 | Build | Barracks |
| 16:15 | Create | Villager (Male) |
| 16:16 | Create | Villager (Male) |
| 16:28 | Create | Villager (Male) |
| 16:49 | Build | Siege Workshop |
| 16:51 | Create | Villager (Male) |
| 16:51 | Create | Villager (Male) |
| 17:03 | Build | House |
| 17:10 | Build | Farm |
| 17:10 | Build | Farm |
| 17:14 | Create | Villager (Male) |
| 17:14 | Create | Villager (Male) |
| 17:15 | Create | Iron Pagoda |
| 17:35 | Create | Villager (Male) |
| 17:36 | Create | Villager (Male) |
| 17:47 | Build | Farm |
| 17:48 | Build | Farm |
| 17:50 | Create | Villager (Male) |
| 17:50 | Create | Villager (Male) |
| 18:18 | Create | Iron Pagoda |
| 18:19 | Create | Villager (Male) |
| 18:20 | Create | Villager (Male) |
| 18:20 | Create | Villager (Male) |
| 18:23 | Build | Farm |
| 18:24 | Build | Farm |
| 18:42 | Create | Villager (Male) |
| 18:43 | Create | Villager (Male) |
| 18:43 | Create | Villager (Male) |
| 18:49 | Build | House |
| 19:11 | Create | Villager (Male) |
| 19:11 | Create | Villager (Male) |
| 19:12 | Create | Villager (Male) |
| 19:25 | Build | House |
| 19:27 | Build | House |
| 19:28 | Build | House |
| 19:35 | Build | Farm |
| 20:12 | Create | Iron Pagoda |
| 20:14 | Create | Villager (Male) |
| 20:14 | Create | Villager (Male) |
| 20:21 | Create | Villager (Male) |
| 20:24 | Create | Villager (Male) |
| 20:25 | Build | Siege Workshop |
| 20:34 | Build | Farm |
| 20:38 | Build | Farm |
| 20:38 | Build | Farm |
| 20:40 | Build | Farm |
| 20:42 | Build | Farm |
| 20:43 | Create | Villager (Male) |
| 20:44 | Create | Villager (Male) |
| 21:06 | Create | Villager (Male) |
| 21:06 | Create | Villager (Male) |
| 21:07 | Create | Villager (Male) |
| 21:10 | Build | Farm |
| 21:14 | Build | University |
| 21:16 | Create | Iron Pagoda |
| 21:22 | Create | Villager (Male) |
| 21:22 | Create | Villager (Male) |
| 21:22 | Create | Villager (Male) |
| 21:28 | Build | Farm |
| 21:34 | Build | Farm |
| 22:12 | Create | Iron Pagoda |
| 22:13 | Create | Villager (Male) |
| 22:14 | Create | Villager (Male) |
| 22:14 | Create | Villager (Male) |
| 22:14 | Create | Villager (Male) |
| 22:35 | Create | Villager (Male) |
| 22:36 | Create | Villager (Male) |
| 22:36 | Create | Villager (Male) |
| 22:42 | Build | House |
| 22:42 | Build | House |
| 22:43 | Build | House |
| 22:43 | Build | House |
| 22:45 | Research | Town Watch |
| 23:00 | Build | Farm |
| 23:03 | Build | Farm |
| 23:24 | Create | Villager (Male) |
| 23:26 | Create | Villager (Male) |
| 23:26 | Create | Villager (Male) |
Build order — Rhapcore
First 150 of 391 actions detected
| 0:02 | Build | House |
| 0:04 | Build | House |
| 0:04 | Create | Villager (Male) |
| 0:05 | Create | Villager (Male) |
| 0:06 | Create | Villager (Male) |
| 0:23 | Create | Villager (Male) |
| 0:24 | Create | Villager (Male) |
| 1:24 | Create | Villager (Male) |
| 1:24 | Create | Villager (Male) |
| 2:06 | Create | Villager (Male) |
| 2:07 | Create | Villager (Male) |
| 2:07 | Create | Villager (Male) |
| 2:13 | Build | Lumber Camp |
| 3:12 | Create | Villager (Male) |
| 3:12 | Create | Villager (Male) |
| 3:23 | Build | House |
| 3:24 | Build | House |
| 3:35 | Create | Villager (Male) |
| 3:36 | Create | Villager (Male) |
| 3:36 | Create | Villager (Male) |
| 3:38 | Create | Villager (Male) |
| 3:39 | Create | Villager (Male) |
| 4:29 | Create | Villager (Male) |
| 4:29 | Create | Villager (Male) |
| 4:30 | Create | Villager (Male) |
| 4:42 | Create | Villager (Male) |
| 4:42 | Create | Villager (Male) |
| 5:01 | Build | Mill |
| 5:16 | Create | Villager (Male) |
| 5:16 | Create | Villager (Male) |
| 5:16 | Create | Villager (Male) |
| 6:29 | Create | Villager (Male) |
| 6:30 | Create | Villager (Male) |
| 6:45 | Create | Villager (Male) |
| 7:57 | Research | Feudal Age |
| 8:14 | Create | Villager (Male) |
| 8:52 | Build | House |
| 10:22 | Age | Feudal Age |
| 10:31 | Build | Blacksmith |
| 10:36 | Build | Barracks |
| 10:41 | Create | Villager (Male) |
| 11:11 | Create | Villager (Male) |
| 11:13 | Create | Villager (Male) |
| 11:29 | Build | Stable |
| 11:32 | Build | House |
| 11:33 | Create | Villager (Male) |
| 11:40 | Build | Stable |
| 11:54 | Build | Mill |
| 12:26 | Create | Villager (Male) |
| 12:26 | Create | Villager (Male) |
| 12:31 | Create | Scout Cavalry |
| 12:31 | Create | Scout Cavalry |
| 12:38 | Create | Villager (Male) |
| 12:44 | Create | Scout Cavalry |
| 12:46 | Research | Double-Bit Axe |
| 12:48 | Research | Horse Collar |
| 12:51 | Create | Villager (Male) |
| 13:04 | Create | Scout Cavalry |
| 13:29 | Create | Scout Cavalry |
| 13:30 | Create | Scout Cavalry |
| 13:38 | Build | House |
| 13:54 | Build | Farm |
| 13:55 | Build | Farm |
| 13:56 | Build | Farm |
| 14:01 | Build | House |
| 14:01 | Build | House |
| 14:02 | Research | Scale Barding Armor |
| 14:05 | Create | Scout Cavalry |
| 14:05 | Create | Scout Cavalry |
| 14:12 | Build | Farm |
| 14:14 | Build | Farm |
| 14:16 | Build | Farm |
| 14:22 | Create | Villager (Male) |
| 14:45 | Build | Farm |
| 14:47 | Create | Villager (Male) |
| 14:49 | Build | House |
| 15:06 | Create | Scout Cavalry |
| 15:06 | Create | Scout Cavalry |
| 15:13 | Build | Farm |
| 15:15 | Build | Farm |
| 15:17 | Build | Farm |
| 15:21 | Build | Farm |
| 15:25 | Build | Farm |
| 15:29 | Build | Farm |
| 15:38 | Build | Farm |
| 15:41 | Create | Villager (Male) |
| 15:41 | Create | Villager (Male) |
| 15:43 | Create | Scout Cavalry |
| 15:43 | Create | Scout Cavalry |
| 16:08 | Create | Scout Cavalry |
| 16:08 | Create | Scout Cavalry |
| 16:38 | Create | Villager (Male) |
| 16:38 | Create | Villager (Male) |
| 16:40 | Create | Villager (Male) |
| 16:40 | Create | Villager (Male) |
| 17:33 | Create | Scout Cavalry |
| 17:33 | Create | Scout Cavalry |
| 17:35 | Build | House |
| 17:38 | Build | House |
| 17:56 | Create | Scout Cavalry |
| 17:56 | Create | Scout Cavalry |
| 17:58 | Build | Farm |
| 18:00 | Build | Farm |
| 18:09 | Build | Farm |
| 18:09 | Build | Farm |
| 18:10 | Build | Farm |
| 18:18 | Create | Villager (Male) |
| 18:18 | Create | Villager (Male) |
| 18:21 | Build | Farm |
| 18:28 | Build | Mining Camp |
| 18:31 | Create | Villager (Male) |
| 18:35 | Create | Scout Cavalry |
| 18:35 | Create | Scout Cavalry |
| 19:58 | Create | Scout Cavalry |
| 19:58 | Create | Scout Cavalry |
| 20:06 | Build | Farm |
| 20:18 | Research | Castle Age |
| 20:26 | Build | Lumber Camp |
| 20:54 | Create | Scout Cavalry |
| 20:54 | Create | Scout Cavalry |
| 21:20 | Create | Scout Cavalry |
| 21:20 | Create | Scout Cavalry |
| 21:33 | Research | Bloodlines |
| 21:37 | Build | House |
| 21:38 | Build | House |
| 21:38 | Build | House |
| 21:43 | Research | Gold Mining |
| 22:22 | Create | Scout Cavalry |
| 22:22 | Create | Scout Cavalry |
| 22:30 | Build | Stable |
| 22:45 | Create | Scout Cavalry |
| 22:46 | Create | Scout Cavalry |
| 22:58 | Age | Castle Age |
| 23:05 | Research | Light Cavalry (upgrade) |
| 23:09 | Research | Husbandry |
| 23:24 | Build | Town Center |
| 23:28 | Create | Villager (Male) |
| 23:28 | Create | Villager (Male) |
| 23:28 | Create | Villager (Male) |
| 23:31 | Create | Villager (Male) |
| 23:31 | Create | Villager (Male) |
| 23:42 | Create | Knight |
| 23:45 | Create | Knight |
| 23:45 | Create | Knight |
| 25:04 | Create | Knight |
| 25:05 | Create | Knight |
| 25:05 | Create | Knight |
| 25:05 | Create | Scout Cavalry |
| 25:06 | Create | Scout Cavalry |
| 25:06 | Create | Scout Cavalry |
Build order — 鯊魚89
First 150 of 239 actions detected
| 0:01 | Create | Villager (Male) |
| 0:02 | Create | Villager (Male) |
| 0:03 | Build | House |
| 0:04 | Build | House |
| 0:09 | Create | Villager (Male) |
| 0:09 | Create | Villager (Male) |
| 0:09 | Create | Villager (Male) |
| 1:29 | Create | Villager (Male) |
| 1:29 | Create | Villager (Male) |
| 2:02 | Create | Villager (Male) |
| 2:02 | Create | Villager (Male) |
| 2:05 | Create | Villager (Male) |
| 2:05 | Create | Villager (Male) |
| 2:15 | Build | Lumber Camp |
| 2:41 | Create | Villager (Male) |
| 2:42 | Create | Villager (Male) |
| 2:42 | Create | Villager (Male) |
| 3:07 | Build | House |
| 3:08 | Build | House |
| 3:49 | Create | Villager (Male) |
| 3:49 | Create | Villager (Male) |
| 3:50 | Create | Villager (Male) |
| 3:50 | Create | Villager (Male) |
| 4:22 | Create | Villager (Male) |
| 4:22 | Create | Villager (Male) |
| 4:35 | Build | Mill |
| 4:36 | Create | Villager (Male) |
| 4:36 | Create | Villager (Male) |
| 4:52 | Create | Villager (Male) |
| 5:39 | Create | Villager (Male) |
| 5:39 | Create | Villager (Male) |
| 5:53 | Create | Villager (Male) |
| 5:53 | Create | Villager (Male) |
| 5:53 | Create | Villager (Male) |
| 5:54 | Create | Villager (Male) |
| 5:54 | Create | Villager (Male) |
| 5:57 | Create | Villager (Male) |
| 6:09 | Create | Villager (Male) |
| 6:09 | Create | Villager (Male) |
| 6:09 | Create | Villager (Male) |
| 6:24 | Build | Farm |
| 6:29 | Build | Farm |
| 7:24 | Research | Feudal Age |
| 7:37 | Build | Mining Camp |
| 7:54 | Create | Villager (Male) |
| 7:54 | Create | Villager (Male) |
| 8:28 | Build | Barracks |
| 8:37 | Create | Villager (Male) |
| 9:08 | Create | Villager (Male) |
| 9:10 | Build | House |
| 10:06 | Age | Feudal Age |
| 10:12 | Build | Stable |
| 11:07 | Create | Villager (Male) |
| 11:14 | Build | Blacksmith |
| 11:27 | Create | Villager (Male) |
| 11:34 | Research | Double-Bit Axe |
| 12:01 | Research | Castle Age |
| 12:01 | Research | Castle Age |
| 12:03 | Create | Scout Cavalry |
| 12:04 | Build | House |
| 12:13 | Create | Scout Cavalry |
| 12:24 | Build | House |
| 12:33 | Build | Farm |
| 12:33 | Build | Farm |
| 12:48 | Research | Horse Collar |
| 13:01 | Build | Farm |
| 13:08 | Build | House |
| 13:09 | Create | Scout Cavalry |
| 13:31 | Build | Farm |
| 14:05 | Create | Villager (Male) |
| 14:22 | Build | Farm |
| 14:23 | Build | Farm |
| 14:24 | Build | Farm |
| 14:28 | Build | Farm |
| 14:29 | Build | Farm |
| 14:31 | Create | Villager (Male) |
| 14:38 | Build | House |
| 14:39 | Build | House |
| 14:52 | Age | Castle Age |
| 14:53 | Create | Steppe Lancer |
| 14:57 | Research | Bow Saw |
| 15:25 | Create | Steppe Lancer |
| 15:40 | Create | Villager (Male) |
| 15:49 | Create | Steppe Lancer |
| 16:03 | Create | Villager (Male) |
| 16:19 | Build | Farm |
| 16:20 | Build | Farm |
| 16:37 | Create | Villager (Male) |
| 16:39 | Create | Steppe Lancer |
| 17:05 | Create | Steppe Lancer |
| 17:06 | Create | Villager (Male) |
| 17:26 | Create | Villager (Male) |
| 17:29 | Build | Town Center |
| 17:32 | Create | Villager (Male) |
| 17:54 | Create | Steppe Lancer |
| 17:55 | Create | Villager (Male) |
| 17:58 | Build | Farm |
| 17:59 | Build | Farm |
| 18:01 | Build | Farm |
| 18:03 | Build | Farm |
| 18:06 | Create | Villager (Male) |
| 18:21 | Create | Knight |
| 18:34 | Create | Villager (Male) |
| 18:51 | Research | Scale Barding Armor |
| 19:05 | Create | Steppe Lancer |
| 19:20 | Create | Villager (Male) |
| 19:20 | Create | Villager (Male) |
| 19:40 | Create | Villager (Male) |
| 19:42 | Build | Stable |
| 19:45 | Create | Villager (Male) |
| 19:55 | Create | Steppe Lancer |
| 20:05 | Create | Villager (Male) |
| 20:14 | Build | Farm |
| 20:15 | Build | Farm |
| 20:20 | Create | Villager (Male) |
| 20:22 | Build | Farm |
| 20:23 | Build | Farm |
| 20:28 | Build | Farm |
| 20:41 | Create | Steppe Lancer |
| 20:41 | Create | Steppe Lancer |
| 20:42 | Create | Villager (Male) |
| 20:46 | Build | House |
| 20:48 | Build | House |
| 20:58 | Create | Knight |
| 21:00 | Create | Knight |
| 21:05 | Build | Farm |
| 21:05 | Build | Farm |
| 21:06 | Build | Farm |
| 21:11 | Build | Mill |
| 21:14 | Create | Villager (Male) |
| 21:20 | Create | Knight |
| 21:26 | Create | Villager (Male) |
| 21:34 | Create | Villager (Male) |
| 21:42 | Create | Knight |
| 21:46 | Build | House |
| 21:47 | Create | Villager (Male) |
| 22:00 | Create | Villager (Male) |
| 22:06 | Create | Steppe Lancer |
| 22:08 | Create | Villager (Male) |
| 22:11 | Create | Villager (Male) |
| 22:11 | Create | Villager (Male) |
| 22:24 | Build | Market |
| 22:34 | Create | Steppe Lancer |
| 22:37 | Create | Villager (Male) |
| 22:38 | Create | Villager (Male) |
| 22:40 | Create | Villager (Male) |
| 22:40 | Create | Villager (Male) |
| 22:46 | Build | Mill |
| 22:48 | Build | Farm |
| 22:48 | Build | Farm |
Build order — Eugenius
First 150 of 358 actions detected
| 0:01 | Create | Villager (Male) |
| 0:01 | Create | Villager (Male) |
| 0:02 | Build | House |
| 0:03 | Build | House |
| 0:20 | Create | Villager (Male) |
| 0:33 | Create | Villager (Male) |
| 0:34 | Create | Villager (Male) |
| 1:23 | Create | Villager (Male) |
| 1:46 | Build | Lumber Camp |
| 1:58 | Create | Villager (Male) |
| 1:58 | Create | Villager (Male) |
| 2:07 | Create | Villager (Male) |
| 2:07 | Create | Villager (Male) |
| 2:26 | Create | Villager (Male) |
| 2:26 | Create | Villager (Male) |
| 3:12 | Create | Villager (Male) |
| 3:12 | Create | Villager (Male) |
| 3:45 | Create | Villager (Male) |
| 3:45 | Create | Villager (Male) |
| 3:48 | Create | Villager (Male) |
| 3:48 | Create | Villager (Male) |
| 3:50 | Build | House |
| 3:51 | Build | House |
| 4:15 | Create | Villager (Male) |
| 4:15 | Create | Villager (Male) |
| 4:56 | Create | Villager (Male) |
| 5:00 | Create | Villager (Male) |
| 5:04 | Create | Villager (Male) |
| 5:04 | Create | Villager (Male) |
| 5:44 | Create | Villager (Male) |
| 5:48 | Create | Villager (Male) |
| 5:48 | Create | Villager (Male) |
| 5:54 | Build | Mill |
| 6:12 | Create | Villager (Male) |
| 6:12 | Create | Villager (Male) |
| 6:12 | Create | Villager (Male) |
| 6:14 | Create | Villager (Male) |
| 6:15 | Create | Villager (Male) |
| 7:29 | Create | Villager (Male) |
| 7:29 | Create | Villager (Male) |
| 7:34 | Build | Mining Camp |
| 7:44 | Build | Farm |
| 7:47 | Build | Farm |
| 7:52 | Research | Feudal Age |
| 7:53 | Research | Feudal Age |
| 9:50 | Create | Villager (Male) |
| 10:06 | Age | Feudal Age |
| 10:08 | Build | Market |
| 10:12 | Build | Blacksmith |
| 10:22 | Build | Mining Camp |
| 10:57 | Research | Castle Age |
| 10:57 | Research | Castle Age |
| 12:16 | Research | Loom |
| 13:37 | Age | Castle Age |
| 13:41 | Create | Villager (Male) |
| 15:22 | Build | Castle |
| 16:02 | Build | Mining Camp |
| 16:14 | Create | Conquistador |
| 16:15 | Create | Conquistador |
| 16:15 | Create | Conquistador |
| 16:15 | Create | Conquistador |
| 16:15 | Create | Conquistador |
| 16:42 | Build | Stone Wall |
| 16:47 | Build | Stone Wall |
| 17:18 | Build | Outpost |
| 17:19 | Build | Outpost |
| 17:39 | Create | Conquistador |
| 18:26 | Build | House |
| 19:02 | Build | House |
| 19:28 | Create | Villager (Male) |
| 20:11 | Build | House |
| 20:27 | Create | Conquistador |
| 20:28 | Create | Conquistador |
| 20:41 | Build | Farm |
| 20:42 | Build | Farm |
| 20:43 | Build | Farm |
| 21:11 | Build | Outpost |
| 21:15 | Build | Outpost |
| 21:18 | Build | Outpost |
| 21:22 | Create | Conquistador |
| 21:23 | Create | Conquistador |
| 21:47 | Build | Outpost |
| 21:49 | Build | Outpost |
| 21:56 | Create | Conquistador |
| 21:56 | Create | Conquistador |
| 22:29 | Build | Barracks |
| 22:39 | Create | Conquistador |
| 22:39 | Create | Conquistador |
| 22:59 | Build | Stable |
| 23:27 | Research | Husbandry |
| 23:33 | Research | Bloodlines |
| 23:37 | Create | Conquistador |
| 23:37 | Create | Conquistador |
| 23:38 | Create | Conquistador |
| 23:59 | Build | Castle |
| 24:27 | Create | Conquistador |
| 24:27 | Create | Conquistador |
| 26:13 | Create | Conquistador |
| 26:13 | Create | Conquistador |
| 26:35 | Build | Farm |
| 27:18 | Create | Conquistador |
| 27:19 | Create | Conquistador |
| 27:40 | Build | Mining Camp |
| 28:01 | Create | Conquistador |
| 28:01 | Create | Conquistador |
| 28:59 | Create | Conquistador |
| 28:59 | Create | Conquistador |
| 29:00 | Create | Conquistador |
| 29:44 | Build | Farm |
| 29:49 | Research | Horse Collar |
| 30:44 | Create | Conquistador |
| 30:45 | Create | Conquistador |
| 32:21 | Build | Mining Camp |
| 32:57 | Build | Farm |
| 33:00 | Research | Double-Bit Axe |
| 33:00 | Research | Double-Bit Axe |
| 36:44 | Research | Coinage |
| 37:48 | Build | Market |
| 38:31 | Research | Coinage |
| 40:10 | Build | Lumber Camp |
| 41:06 | Research | Bow Saw |
| 42:37 | Build | Town Center |
| 43:04 | Build | Town Center |
| 43:39 | Build | Town Center |
| 45:21 | Create | Villager (Male) |
| 45:22 | Create | Villager (Male) |
| 45:22 | Create | Villager (Male) |
| 45:22 | Create | Villager (Male) |
| 45:23 | Create | Villager (Male) |
| 45:23 | Create | Villager (Male) |
| 45:24 | Research | Imperial Age |
| 45:30 | Research | Wheelbarrow |
| 45:49 | Build | Town Center |
| 45:58 | Create | Villager (Male) |
| 45:58 | Create | Villager (Male) |
| 45:59 | Create | Villager (Male) |
| 46:20 | Create | Villager (Male) |
| 46:21 | Create | Villager (Male) |
| 46:21 | Create | Villager (Male) |
| 46:21 | Create | Villager (Male) |
| 46:22 | Create | Villager (Male) |
| 46:22 | Create | Villager (Male) |
| 46:26 | Create | Villager (Male) |
| 46:26 | Create | Villager (Male) |
| 46:26 | Create | Villager (Male) |
| 46:27 | Create | Villager (Male) |
| 46:27 | Create | Villager (Male) |
| 46:27 | Create | Villager (Male) |
| 46:28 | Create | Villager (Male) |
| 46:28 | Create | Villager (Male) |
Build order — Ngoam_____
First 150 of 517 actions detected
| 0:01 | Create | Villager (Male) |
| 0:03 | Build | House |
| 0:04 | Build | House |
| 0:14 | Create | Villager (Male) |
| 0:14 | Create | Villager (Male) |
| 0:19 | Create | Villager (Male) |
| 1:36 | Create | Villager (Male) |
| 1:36 | Create | Villager (Male) |
| 1:49 | Build | Lumber Camp |
| 2:00 | Create | Villager (Male) |
| 2:00 | Create | Villager (Male) |
| 2:01 | Create | Villager (Male) |
| 2:37 | Create | Villager (Male) |
| 3:19 | Create | Villager (Male) |
| 3:20 | Create | Villager (Male) |
| 3:20 | Create | Villager (Male) |
| 3:43 | Build | House |
| 4:15 | Create | Villager (Male) |
| 4:15 | Create | Villager (Male) |
| 4:30 | Create | Villager (Male) |
| 4:30 | Create | Villager (Male) |
| 5:16 | Build | House |
| 5:17 | Build | House |
| 5:29 | Create | Villager (Male) |
| 5:29 | Create | Villager (Male) |
| 5:30 | Create | Villager (Male) |
| 5:40 | Create | Villager (Male) |
| 5:59 | Create | Villager (Male) |
| 5:59 | Create | Villager (Male) |
| 6:02 | Build | Mill |
| 6:27 | Create | Villager (Male) |
| 6:28 | Create | Villager (Male) |
| 7:10 | Build | Farm |
| 7:12 | Build | Farm |
| 7:15 | Create | Villager (Male) |
| 7:16 | Create | Villager (Male) |
| 7:24 | Create | Villager (Male) |
| 7:48 | Create | Villager (Male) |
| 8:07 | Build | Mining Camp |
| 8:38 | Create | Villager (Male) |
| 8:56 | Build | Farm |
| 9:17 | Research | Feudal Age |
| 9:29 | Build | Farm |
| 9:31 | Build | Farm |
| 10:42 | Build | House |
| 11:22 | Create | Villager (Male) |
| 11:50 | Age | Feudal Age |
| 11:51 | Create | Villager (Male) |
| 11:53 | Build | Blacksmith |
| 11:54 | Build | Market |
| 12:01 | Create | Villager (Male) |
| 12:42 | Research | Castle Age |
| 12:43 | Research | Castle Age |
| 13:10 | Research | Double-Bit Axe |
| 13:11 | Research | Horse Collar |
| 13:52 | Build | House |
| 13:53 | Build | House |
| 15:04 | Create | Villager (Male) |
| 15:05 | Create | Villager (Male) |
| 15:21 | Create | Villager (Male) |
| 15:22 | Age | Castle Age |
| 15:25 | Build | Town Center |
| 15:28 | Build | Town Center |
| 15:30 | Build | Town Center |
| 15:40 | Create | Villager (Male) |
| 16:11 | Create | Villager (Male) |
| 16:16 | Create | Villager (Male) |
| 16:19 | Build | Farm |
| 16:32 | Build | Farm |
| 16:35 | Create | Villager (Male) |
| 16:50 | Create | Villager (Male) ×5 |
| 16:50 | Create | Villager (Male) ×5 |
| 16:52 | Create | Villager (Male) |
| 16:55 | Create | Villager (Male) ×2 |
| 16:57 | Build | Farm |
| 17:00 | Build | Farm |
| 17:00 | Create | Villager (Male) |
| 17:16 | Build | Farm |
| 17:31 | Research | Bow Saw |
| 17:34 | Create | Villager (Male) ×3 |
| 17:38 | Create | Villager (Male) |
| 17:39 | Create | Villager (Male) |
| 17:51 | Create | Villager (Male) |
| 17:56 | Build | Farm |
| 17:59 | Build | Farm |
| 18:01 | Build | Farm |
| 18:04 | Build | Farm |
| 18:07 | Create | Villager (Male) |
| 18:07 | Create | Villager (Male) |
| 18:12 | Create | Villager (Male) |
| 18:25 | Create | Villager (Male) ×2 |
| 18:34 | Create | Villager (Male) |
| 18:40 | Build | Farm |
| 18:41 | Build | Farm |
| 18:42 | Create | Villager (Male) |
| 18:47 | Create | Villager (Male) |
| 18:51 | Build | Farm |
| 18:57 | Build | Farm |
| 18:59 | Build | Farm |
| 19:02 | Build | Farm |
| 19:04 | Create | Villager (Male) ×3 |
| 19:10 | Create | Villager (Male) |
| 19:20 | Build | House |
| 19:21 | Create | Villager (Male) ×2 |
| 19:24 | Build | House |
| 19:27 | Build | House |
| 19:28 | Build | House |
| 19:29 | Build | House |
| 19:29 | Create | Villager (Male) |
| 19:36 | Build | Farm |
| 19:38 | Build | Farm |
| 19:39 | Create | Villager (Male) |
| 19:45 | Research | Wheelbarrow |
| 19:45 | Research | Wheelbarrow |
| 19:48 | Create | Villager (Male) ×2 |
| 19:48 | Create | Villager (Male) ×2 |
| 19:51 | Create | Villager (Male) |
| 19:55 | Create | Villager (Male) |
| 19:59 | Build | Farm |
| 20:02 | Build | Farm |
| 20:04 | Build | Farm |
| 20:07 | Create | Villager (Male) ×2 |
| 20:11 | Create | Villager (Male) |
| 20:16 | Build | Farm |
| 20:19 | Build | Farm |
| 20:21 | Create | Villager (Male) ×3 |
| 20:28 | Create | Villager (Male) |
| 20:34 | Create | Villager (Male) |
| 20:39 | Build | Farm |
| 20:41 | Build | Farm |
| 20:42 | Create | Villager (Male) |
| 20:44 | Build | House |
| 20:45 | Build | House |
| 20:49 | Create | Villager (Male) |
| 20:51 | Build | Farm |
| 21:01 | Research | Heavy Plow |
| 21:14 | Build | Farm |
| 21:15 | Create | Villager (Male) |
| 21:27 | Build | House |
| 21:28 | Build | House |
| 21:29 | Create | Villager (Male) ×4 |
| 21:34 | Create | Villager (Male) ×2 |
| 21:51 | Build | University |
| 21:53 | Build | Barracks |
| 22:00 | Build | House |
| 22:03 | Create | Villager (Male) ×4 |
| 22:10 | Create | Villager (Male) ×3 |
| 22:12 | Build | Farm |
| 22:14 | Build | Farm |
| 22:20 | Build | Farm |
Match timeline
| 7:16 | AM | thatsnotPG · first_building Barracks |
| 8:05 | AM | thatsnotPG · age_up feudal |
| 8:28 | 鯊魚89 · first_building Barracks |
| 9:02 | AM | thatsnotPG · first_building Archery Range |
| 9:02 | CTM | Lelouch · age_up feudal |
| 9:41 | Milka Gadas · age_up feudal |
| 9:44 | NPG | Joako · age_up feudal |
| 9:57 | CTM | Lelouch · first_market_sell 100 stone |
| 10:06 | Eugenius · age_up feudal |
| 10:06 | 鯊魚89 · age_up feudal |
| 10:12 | 鯊魚89 · first_building Stable |
| 10:22 | Rhapcore · age_up feudal |
| 10:36 | Rhapcore · first_building Barracks |
| 11:29 | Rhapcore · first_building Stable |
| 11:50 | Ngoam_____ · age_up feudal |
| 12:37 | CTM | Lelouch · age_up castle |
| 12:39 | CTM | Lelouch · first_building Siege Workshop |
| 12:41 | CTM | Lelouch · first_building Monastery |
| 13:15 | Milka Gadas · first_market_buy 100 food |
| 13:17 | Milka Gadas · first_market_sell 100 stone |
| 13:27 | NPG | Joako · age_up castle |
| 13:37 | Eugenius · age_up castle |
| 13:38 | AM | thatsnotPG · wall_segment Palisade Wall x1 |
| 13:41 | AM | thatsnotPG · wall_segment Palisade Wall x1 |
| 14:07 | AM | thatsnotPG · wall_segment Stone Wall x1 |
| 14:08 | AM | thatsnotPG · wall_segment Stone Wall x1 |
| 14:11 | AM | thatsnotPG · wall_segment Stone Wall x1 |
| 14:12 | AM | thatsnotPG · wall_segment Stone Wall x1 |
| 14:13 | AM | thatsnotPG · wall_segment Stone Wall x1 |
| 14:52 | 鯊魚89 · age_up castle |
| 15:06 | AM | thatsnotPG · wall_segment Stone Wall x1 |
| 15:07 | AM | thatsnotPG · wall_segment Stone Wall x1 |
| 15:09 | AM | thatsnotPG · wall_segment Stone Wall x1 |
| 15:10 | Ngoam_____ · first_market_buy 100 stone |
| 15:16 | AM | thatsnotPG · wall_segment Stone Wall x4 |
| 15:22 | Eugenius · first_building Castle |
| 15:22 | Ngoam_____ · age_up castle |
| 15:53 | AM | thatsnotPG · wall_segment Stone Wall x2 |
| 16:01 | CTM | Lelouch · first_market_buy 100 food |
| 16:02 | Milka Gadas · age_up castle |
| 16:07 | AM | thatsnotPG · wall_segment Palisade Wall x1 |
| 16:13 | NPG | Joako · first_building Barracks |
| 16:16 | Milka Gadas · first_building Siege Workshop |
| 16:42 | Eugenius · wall_segment Stone Wall x1 |
| 16:45 | Milka Gadas · first_building Barracks |
| 16:47 | Eugenius · wall_segment Stone Wall x20 |
| 16:49 | NPG | Joako · first_building Siege Workshop |
| 17:35 | Milka Gadas · first_building Stable |
| 19:43 | AM | thatsnotPG · age_up castle |
| 21:32 | Milka Gadas · first_building Monastery |
| 21:53 | Ngoam_____ · first_building Barracks |
| 22:24 | CTM | Lelouch · wall_segment Stone Wall x4 |
| 22:29 | Eugenius · first_building Barracks |
| 22:49 | Eugenius · first_market_sell 100 stone |
| 22:50 | Ngoam_____ · first_building Archery Range |
| 22:51 | Eugenius · first_market_buy 100 food |
| 22:58 | Rhapcore · age_up castle |
| 22:59 | Eugenius · first_building Stable |
| 23:34 | NPG | Joako · first_market_buy 100 stone |
| 23:35 | NPG | Joako · first_market_sell 100 wood |
| 23:53 | Ngoam_____ · first_building Stable |
| 25:01 | Ngoam_____ · first_building Monastery |
| 25:12 | Ngoam_____ · first_building Castle |
| 26:00 | 鯊魚89 · first_market_sell 100 wood |
| 26:01 | 鯊魚89 · first_market_buy 100 stone |
| 26:04 | 鯊魚89 · first_building Castle |
| 26:14 | Ngoam_____ · first_market_sell 100 food |
| 26:44 | NPG | Joako · first_building Archery Range |
| 27:41 | 鯊魚89 · first_building Archery Range |
| 27:46 | 鯊魚89 · first_building Siege Workshop |
| 28:43 | Ngoam_____ · age_up imperial |
| 30:23 | AM | thatsnotPG · first_building Monastery |
| 30:48 | 鯊魚89 · resign |
| 31:48 | Rhapcore · first_building Monastery |
| 35:35 | AM | thatsnotPG · first_market_sell 100 food |
| 35:36 | AM | thatsnotPG · first_market_buy 100 wood |
| 35:44 | AM | thatsnotPG · age_up imperial |
| 36:15 | Rhapcore · age_up imperial |
| 41:25 | Milka Gadas · first_building Castle |
| 42:57 | Milka Gadas · tribute_sent a jugador 1 |
| 42:57 | Milka Gadas · tribute_sent a jugador 2 |
| 42:57 | Milka Gadas · tribute_sent a jugador 4 |
| 42:57 | Milka Gadas · tribute_sent a jugador 5 |
| 42:57 | Milka Gadas · tribute_sent a jugador 6 |
| 42:57 | Milka Gadas · tribute_sent a jugador 7 |
| 42:57 | Milka Gadas · tribute_sent a jugador 8 |
| 42:59 | AM | thatsnotPG · tribute_sent a jugador 2 |
| 42:59 | AM | thatsnotPG · tribute_sent a jugador 3 |
| 42:59 | AM | thatsnotPG · tribute_sent a jugador 4 |
| 42:59 | AM | thatsnotPG · tribute_sent a jugador 5 |
| 42:59 | AM | thatsnotPG · tribute_sent a jugador 6 |
| 42:59 | AM | thatsnotPG · tribute_sent a jugador 7 |
| 42:59 | AM | thatsnotPG · tribute_sent a jugador 8 |
| 43:44 | Milka Gadas · age_up imperial |
| 44:04 | Rhapcore · first_market_sell 500 wood |
| 44:06 | Rhapcore · first_market_buy 500 stone |
| 44:12 | Rhapcore · first_building Castle |
| 45:18 | AM | thatsnotPG · tribute_sent a jugador 2 |
| 45:18 | AM | thatsnotPG · tribute_sent a jugador 3 |
| 45:18 | AM | thatsnotPG · tribute_sent a jugador 4 |
| 45:18 | AM | thatsnotPG · tribute_sent a jugador 5 |
| 45:18 | AM | thatsnotPG · tribute_sent a jugador 6 |
| 45:18 | AM | thatsnotPG · tribute_sent a jugador 7 |
| 45:18 | AM | thatsnotPG · tribute_sent a jugador 8 |
| 45:19 | Rhapcore · tribute_sent a jugador 1 |
| 45:19 | Rhapcore · tribute_sent a jugador 2 |
| 45:19 | Rhapcore · tribute_sent a jugador 3 |
| 45:19 | Rhapcore · tribute_sent a jugador 4 |
| 45:19 | Rhapcore · tribute_sent a jugador 6 |
| 45:19 | Rhapcore · tribute_sent a jugador 7 |
| 45:19 | Rhapcore · tribute_sent a jugador 8 |
| 46:21 | AM | thatsnotPG · tribute_sent a jugador 2 |
| 46:21 | AM | thatsnotPG · tribute_sent a jugador 3 |
| 46:21 | AM | thatsnotPG · tribute_sent a jugador 4 |
| 46:21 | AM | thatsnotPG · tribute_sent a jugador 5 |
| 46:21 | AM | thatsnotPG · tribute_sent a jugador 6 |
| 46:21 | AM | thatsnotPG · tribute_sent a jugador 7 |
| 46:21 | AM | thatsnotPG · tribute_sent a jugador 8 |
| 46:37 | AM | thatsnotPG · tribute_sent a jugador 2 |
| 46:37 | AM | thatsnotPG · tribute_sent a jugador 3 |
| 46:37 | AM | thatsnotPG · tribute_sent a jugador 4 |
| 46:37 | AM | thatsnotPG · tribute_sent a jugador 5 |
| 46:37 | AM | thatsnotPG · tribute_sent a jugador 6 |
| 46:37 | AM | thatsnotPG · tribute_sent a jugador 7 |
| 46:37 | AM | thatsnotPG · tribute_sent a jugador 8 |
| 48:11 | AM | thatsnotPG · tribute_sent a jugador 2 |
| 48:11 | AM | thatsnotPG · tribute_sent a jugador 3 |
| 48:11 | AM | thatsnotPG · tribute_sent a jugador 4 |
| 48:11 | AM | thatsnotPG · tribute_sent a jugador 5 |
| 48:11 | AM | thatsnotPG · tribute_sent a jugador 6 |
| 48:11 | AM | thatsnotPG · tribute_sent a jugador 7 |
| 48:11 | AM | thatsnotPG · tribute_sent a jugador 8 |
| 49:08 | Rhapcore · wall_segment Stone Wall x7 |
| 49:56 | Rhapcore · wall_segment Stone Wall x4 |
| 50:13 | Rhapcore · wall_segment Stone Wall x10 |
| 52:51 | AM | thatsnotPG · first_building Castle |
[ AI ANALYSIS · 1 CREDIT ]
What really happened in this match?
Wolo.gg analyzes every decision: build order, eco, micro, common mistakes by bracket. Personalized analysis on WhatsApp or Discord in 30 seconds.
Civ guide
Gurjaras
Perfil
Jugador #24266470